Map: Ice and Chrome LE

Players

Arctur

  • Race: Terran Terran
  • Spawn Location: 1:00

Denver - Winner!

  • Race: Zerg Zerg
  • League: Master
  • Spawn Location: 7:00

Event: DreamHack SC2 Masters 2020 Summer Europe

VOD

Have the link to the VOD?

Description

Time

  • Played on: June 28, 2020, 11:16 a.m.
  • Length: 12:30

All games in this series

Show
View Real Time Build Order
Export as new Build Order

Arctur Terran 

Build Orders: Hellion Opening, Liberator Opening, Reaper Expand 

Get SALT Encoding   

  12  0:00  SCV  
  13  0:13  SCV  
  14  0:17  Supply Depot  
  14  0:25  SCV  
  15  0:38  SCV  
  15  0:41  Barracks  
  16  0:45  Refinery  
  16  0:50  SCV  
  17  1:02  SCV  
  18  1:15  SCV  
  19  1:28  Reaper, Orbital Command  
  20  1:39  Command Center  
  20  1:48  Supply Depot  
  20  1:53  SCV  
  21  2:00  Marine  
  22  2:06  SCV  
  23  2:08  Factory  
  23  2:14  Refinery  
  23  2:18  SCV  
  24  2:22  Barracks Reactor  
  24  2:30  SCV  
  25  2:42  SCV  
  26  2:54  SCV, Orbital Command, Starport  
  27  3:03  Hellion x2  
  31  3:06  SCV  
  31  3:07  Barracks Tech Lab  
  32  3:13  Supply Depot  
  32  3:18  SCV  
  34  3:20  SCV  
  34  3:25  Hellion x2  
  38  3:30  SCV  
  38  3:32  SCV, Viking  
  42  3:37  Stimpack  
  42  3:42  SCV  
  42  3:44  SCV  
  42  3:46  Hellion  
  42  3:47  Hellion  
  48  3:52  Supply Depot  
  48  3:54  SCV  
  49  3:56  SCV  
  50  4:04  Liberator  
  50  4:07  SCV  
  54  4:14  SCV  
  55  4:19  SCV  
  56  4:26  SCV, Factory Reactor  
  56  4:31  SCV  
  58  4:33  Marine  
  58  4:34  Supply Depot  
  58  4:35  Command Center  
  58  4:38  SCV  
  60  4:43  SCV  
  61  4:50  SCV  
  62  4:55  SCV  
  62  4:58  Starport Reactor  
  61  5:00  Barracks  
  61  5:02  SCV, Barracks  
  61  5:04  Engineering Bay, Marine  
  61  5:05  Engineering Bay  
  63  5:07  SCV  
  63  5:09  Refinery  
  64  5:14  SCV  
  64  5:17  Refinery  
  64  5:19  SCV, Combat Shield  
  66  5:22  Marine  
  66  5:23  Supply Depot  
  66  5:26  SCV, Factory Reactor  
  68  5:31  SCV, Supply Depot  
  69  5:38  SCV, Terran Infantry Weapons Level 1, Terran Infantry Armor Level 1  
  70  5:44  SCV, Marine  
  70  5:48  Marine x2  
  70  5:49  Medivac x2  
  78  5:50  SCV  
  78  5:53  Orbital Command  
  78  5:56  SCV  
  75  6:00  Marine x2  
  75  6:02  Marine  
  75  6:03  SCV, Widow Mine x2  
  83  6:06  Marine x2  
  83  6:08  SCV  
  86  6:15  SCV  
  86  6:17  Marine x2  
  86  6:18  Orbital Command  
  89  6:20  SCV  
  89  6:22  Marine, Barracks  
  89  6:24  Marine, Barracks  
  92  6:26  Marine  
  93  6:35  Marine  
  93  6:36  Medivac x2  
  93  6:37  SCV x2  
  93  6:38  Marine  
  101  6:45  Armory  
  101  6:48  Supply Depot  
  101  6:59  SCV  
  101  7:00  Marine  
  101  7:01  Marine x3  
  101  7:02  SCV x2, Marine  
  101  7:03  Widow Mine  
  101  7:06  Widow Mine  
  98  7:11  SCV  
  98  7:14  SCV x2  
  86  7:18  Marine x2  
  86  7:19  Marine x3  
  86  7:24  SCV  
  86  7:26  SCV  
  86  7:27  SCV  
  83  7:31  Widow Mine x2  
  83  7:32  Barracks Reactor x2  
  83  7:33  Terran Infantry Armor Level 2, Terran Infantry Weapons Level 2  
  83  7:36  SCV, Marine x2  
  90  7:37  Marine x3  
  90  7:38  SCV  
  90  7:39  SCV  
  90  7:42  Supply Depot x2  
  95  7:48  SCV  
  95  7:50  SCV  
  95  7:51  SCV  
  98  7:53  Marine  
  98  7:54  Marine  
  98  7:55  Marine x2  
  95  8:00  SCV  
  95  8:01  Widow Mine x2  
  95  8:02  SCV  
  95  8:03  SCV  
  94  8:11  Marine  
  94  8:12  SCV, Marine x4  
  99  8:14  SCV  
  99  8:15  SCV  
  99  8:16  Factory  
  101  8:23  Refinery, Widow Mine x2  
  101  8:24  SCV  
  101  8:26  Supply Depot x2  
  106  8:27  Marauder, Marine  
  109  8:41  Supply Depot  
  109  8:45  SCV, Marine x5, Widow Mine  
  109  8:47  Marine x2  
  109  8:48  SCV x2, Bunker  
  121  8:57  Marine  
  121  8:58  Marauder  
  121  8:59  SCV, Orbital Command  
  121  9:00  SCV x2  
  127  9:02  Marine x4  
  127  9:09  Marine x2  
  131  9:15  Marine x2  
  131  9:16  Widow Mine x2  
  129  9:17  SCV x2  
  129  9:19  Marine  
  129  9:20  Marine  
  129  9:22  Command Center  
  129  9:23  Factory Tech Lab  
  130  9:28  Supply Depot  
  130  9:29  Supply Depot, Marine x2  
  132  9:31  Missile Turret  
  132  9:36  Missile Turret x2  
  132  9:43  Drilling Claws, Thor  
  132  9:44  Widow Mine  
  140  9:46  Widow Mine  
  140  9:50  SCV  
  120  9:52  SCV  
  120  9:55  SCV, Marine x2  
  120  9:56  Marine  
  98  10:02  SCV  
  98  10:04  SCV  
  83  10:10  Widow Mine  
  86  10:16  Widow Mine  
  86  10:17  Marauder, Marine x2  
  91  10:30  Thor  
  91  10:31  Widow Mine  
  99  10:37  Widow Mine  
  99  10:42  Marauder  
  103  10:44  Marine x2  
  103  10:45  Marine  
  105  10:53  Marine x4  
  105  10:54  Marine  
  110  10:59  Supply Depot  
  110  11:02  Marine x2  
  112  11:04  Widow Mine  
  112  11:05  Widow Mine  
  112  11:06  Marine x2  
  112  11:08  Supply Depot  
  118  11:11  Supply Depot  
  118  11:12  Supply Depot  
  118  11:15  Thor  
  118  11:16  Marine  
  125  11:20  Marine  
  126  11:26  Widow Mine x2  
  126  11:27  Medivac  
  126  11:29  Medivac  
  132  11:34  Marine x4  
  132  11:35  Marine x2  
  138  11:43  Supply Depot x2  
  138  11:47  Widow Mine  
  138  11:51  Widow Mine  
  138  11:52  Marine x2  
  145  12:01  Marine x4  
  145  12:02  Marauder  
  145  12:03  Marine  
  145  12:04  Marine  
  143  12:10  Marine x2  
Show
View Real Time Build Order
Export as new Build Order

Denver Zerg - Winner!

Build Orders: Hatch First, Muta Ling Bane 

Get SALT Encoding   

  12  0:00  Drone  
  13  0:13  Overlord  
  13  0:18  Drone  
  14  0:31  Drone x2  
  16  0:48  Hatchery  
  15  0:52  Drone  
  15  0:55  Drone  
  17  0:59  Drone  
  18  1:10  Extractor  
  17  1:16  Spawning Pool  
  16  1:20  Drone  
  16  1:23  Drone  
  18  1:29  Drone  
  19  1:40  Drone  
  20  1:50  Drone  
  21  2:03  Zergling x4, Queen x2  
  27  2:11  Metabolic Boost  
  27  2:14  Overlord  
  27  2:16  Drone  
  28  2:34  Hatchery  
  28  2:36  Drone  
  28  2:38  Drone  
  28  2:41  Drone  
  28  2:43  Drone  
  31  2:49  Overlord  
  31  2:51  Drone  
  31  2:58  Drone  
  33  2:59  Overlord  
  33  3:05  Queen  
  33  3:10  Drone x2  
  37  3:13  Drone  
  37  3:16  Drone  
  37  3:19  Drone x2  
  41  3:25  Drone  
  42  3:29  Queen, Drone  
  45  3:35  Drone  
  45  3:38  Overlord  
  46  3:43  Queen  
  46  3:48  Drone x3  
  51  3:52  Overlord  
  51  3:56  Drone, Baneling Nest  
  51  4:00  Drone x3  
  54  4:08  Overlord  
  53  4:12  Zergling x6  
  53  4:13  Drone  
  53  4:14  Drone x2  
  58  4:18  Lair  
  58  4:22  Queen  
  60  4:24  Extractor  
  60  4:25  Drone x2  
  60  4:29  Zergling x6  
  64  4:35  Zergling x2  
  65  4:39  Drone x2  
  65  4:41  Zergling x6  
  65  4:43  Drone  
  71  4:46  Overlord  
  70  4:56  Drone x7  
  73  5:01  Overlord  
  73  5:04  Drone  
  73  5:05  Evolution Chamber  
  73  5:06  Evolution Chamber  
  72  5:11  Overlord  
  72  5:12  Drone  
  72  5:13  Overlord  
  73  5:15  Hatchery  
  73  5:18  Centrifical Hooks  
  73  5:19  Drone  
  73  5:20  Overlord, Drone  
  73  5:21  Drone  
  75  5:25  Overlord, Drone  
  76  5:33  Drone x3  
  77  5:36  Zerg Melee Weapons Level 1  
  77  5:38  Zerg Ground Armor Level 1, Extractor  
  77  5:42  Drone x2  
  78  5:43  Drone  
  78  5:46  Overlord  
  78  5:49  Drone x2  
  81  5:50  Drone  
  81  5:51  Drone  
  81  5:55  Drone x2  
  81  5:56  Drone  
  84  6:01  Drone x2, Extractor  
  84  6:02  Drone  
  86  6:06  Extractor  
  86  6:07  Overlord, Extractor  
  86  6:09  Overseer  
  84  6:12  Zergling x14  
  91  6:19  Zergling x4  
  91  6:20  Zergling x2  
  91  6:21  Baneling x2  
  91  6:22  Baneling x7  
  94  6:27  Overlord  
  94  6:28  Drone x4  
  94  6:29  Overlord  
  94  6:32  Overlord  
  98  6:37  Zergling x8  
  102  6:44  Drone  
  102  6:45  Spire  
  102  6:46  Zergling x6  
  105  6:49  Baneling x6  
  105  6:51  Zergling x2  
  105  6:52  Zergling x2  
  107  6:55  Zergling x8  
  110  7:03  Zergling x6  
  110  7:04  Zergling x6  
  109  7:09  Baneling x7  
  106  7:16  Zergling x20  
  112  7:28  Zergling x14  
  115  7:30  Baneling x4  
  115  7:34  Zergling x4  
  115  7:35  Overseer  
  117  7:38  Drone x2  
  117  7:41  Zerg Melee Weapons Level 2  
  119  7:46  Hatchery  
  119  7:50  Zergling x12  
  124  7:53  Overlord  
  124  7:55  Extractor  
  121  8:03  Drone x4  
  118  8:09  Zerg Flyer Weapons Level 1, Zerg Ground Armor Level 2  
  118  8:11  Drone x8  
  126  8:14  Baneling  
  126  8:15  Baneling x4  
  126  8:20  Burrow  
  126  8:22  Mutalisk  
  126  8:23  Mutalisk x3  
  134  8:31  Mutalisk x2  
  134  8:33  Zergling x10  
  141  8:34  Overlord  
  141  8:36  Overlord  
  141  8:40  Overlord  
  138  8:43  Overlord x3  
  138  8:47  Overlord  
  138  8:48  Mutalisk  
  138  8:50  Queen  
  138  8:54  Overlord x2  
  142  8:59  Pneumatized Carapace  
  142  9:01  Zergling x10  
  146  9:04  Baneling  
  146  9:05  Baneling x9  
  142  9:15  Zergling x24  
  146  9:22  Mutalisk x4  
  154  9:26  Baneling x8  
  154  9:33  Zergling x18  
  163  9:38  Overlord  
  163  9:40  Baneling x10  
  162  9:49  Zergling x22  
  153  9:55  Zergling x2  
  153  9:56  Zergling x12  
  155  10:01  Zergling x6  
  155  10:04  Mutalisk  
  155  10:05  Mutalisk  
  153  10:11  Zerg Flyer Weapons Level 2  
  153  10:13  Baneling  
  153  10:14  Infestation Pit, Baneling x6  
  151  10:16  Drone x7  
  151  10:17  Drone  
  158  10:26  Zergling x10  
  161  10:31  Hatchery  
  160  10:36  Mutalisk  
  160  10:37  Mutalisk x2  
  160  10:40  Baneling x7  
  160  10:41  Baneling  
  160  10:42  Baneling x2  
  166  10:43  Baneling  
  166  10:44  Zergling x2  
  166  10:45  Zergling x4  
  166  10:47  Hatchery  
  168  10:52  Zergling x16  
  168  10:56  Baneling x8  
  176  11:02  Hive  
  176  11:04  Extractor  
  175  11:06  Baneling  
  175  11:07  Baneling x3  
  175  11:08  Zergling x16  
  182  11:12  Zergling x10  
  186  11:21  Baneling x2  
  186  11:24  Mutalisk x3  
  192  11:26  Zergling x14  
  195  11:49  Baneling x20  
  195  11:50  Baneling  
  195  11:51  Zergling x10  
  199  11:55  Extractor x2  
  199  12:00  Zergling x4  
  199  12:06  Zergling x2  
  162  12:30  Ultralisk Cavern  
Tags
 
Add a new tag
Caveats
  • Supply blocks, unpowered buildings, or Contaminate may cause inaccurate times.
  • Supply counts are checked every 10 seconds.